Amaryllis, chaotic female human Rogue ---- ---- |..| --.|.-------------..---------------------------------- |.....<..............................................| | |...-----......-------.-------- ---------- ---- --.-- ---.|....| --.....-- |.| |...|-..-- |.......--- -- -- |.|---.------- |.......(.--- . | ..| --.||...| ---%........----.-.| ......| --..--.--- ---|.....---...............- |......| ---- ---.--.....| |.......-- | --....--- |..----......|...---.......-- ....-- |......---|..I.......----...|.................-- |........--..|.......|---......................-- |....--....- |-......||.........................| ---..|--...| |......--|...........---.--............- |..| |...| --....-| --..........| -- .........*.| |..| |..-- |.....| |..........| -.........-- |..| ---- |.....| ---.--.|..-- - .....%..| |..| ---.--- --------- -.|.|..-- ---- --- ------- Amaryllis the Cutpurse Experience level: 5 Strength: 14 Dexterity: 18 Constitution: 16 Intelligence: 8 Wisdom: 10 Charisma: 10 Health: 0(41) Energy: 23(23) Def: 3 Gold: 46 Moves: 2096 Dungeon seed: -nkg6wwWG3kwq98J Game ID: Amaryllis_1506111401 Your Inventory: Coins $ - 46 gold pieces Amulets l - an uncursed amulet of unchanging Weapons a - a +0 short sword (weapon in hand) b - 6 +0 daggers (in quiver) y - a cursed -1 orcish dagger Armor e - an uncursed +1 leather armor (being worn) r - an uncursed +0 leather jacket Comestibles i - an uncursed lichen corpse m - 7 uncursed food rations Scrolls s - a blessed scroll of punishment v - an uncursed scroll of blank paper w - an uncursed scroll of scare monster Potions c - an uncursed potion of sickness j - 2 uncursed potions of water k - a potion of unholy water t - an uncursed potion of healing x - a blessed potion of booze A - an uncursed potion of extra healing Rings o - a blessed +5 ring of increase damage Tools d - an uncursed lock pick f - an uncursed oil lamp (0:1155) g - an uncursed sack h - an uncursed brass lantern (0:1132) u - an uncursed mirror Gems n - an uncursed worthless piece of black glass q - an uncursed worthless piece of green glass z - 2 uncursed worthless pieces of violet glass Spells and supernatural/magical abilities: Name Level Category Fail Memory W - pray for help -- divine ? -- Your skills at the end: Fighting Skills wands [Basic] Weapon Skills dagger [Basic] short sword [Skilled] Spellcasting Skills Final Attributes: You were piously aligned. You were blinded. You were stealthy. You are dead. Vanquished creatures: a red naga hatchling a straw golem a kitten a dwarf 3 hill orcs a wererat 2 iguanas 2 manes 2 giant rats a yellow mold 2 red molds 2 gnomes 10 garter snakes 4 geckos 3 jackals a fox 2 kobolds 2 sewer rats 7 grid bugs 4 lichens 4 newts 56 creatures vanquished. Voluntary challenges: You were an atheist. You used a wielded weapon 75 times, starting on turn 2. You were illiterate. You never genocided any monsters. You never polymorphed an object. You never changed form. You used no wishes. You never split a pudding. You never wrote Elbereth's name. You never violated your personal moral code. Dungeon overview: The Dungeons of Doom: levels 1 to 6 Level 1 a fountain a long staircase Level 2 Level 3 some fountains Level 4 a vault stairs to The Gnomish Mines Level 5 a fountain Level 6 many fountains The Gnomish Mines: Level 5 <- You were here stairs to The Dungeons of Doom History has recorded: On T:1 you entered the Dungeons of Doom to retrieve the Amulet of Yendor! On T:269 you advanced to experience level 2. On T:295 you reached level 2 of The Dungeons of Doom. On T:385 you reached level 3 of The Dungeons of Doom. On T:629 you reached level 4 of The Dungeons of Doom. On T:632 you advanced to experience level 3. On T:1086 you reached level 5 of The Dungeons of Doom. On T:1456 you reached level 6 of The Dungeons of Doom. On T:1589 you advanced to experience level 4. On T:1948 you reached level 1 of The Gnomish Mines. On T:2059 you advanced to experience level 5. Score breakdown: Gold: 46 ( 5687 points) Experience: 5 levels (11141 points) Exploration: 6 levels ( 12.50%) ( 9784 points) Discoveries: 1 item ( 0.33%) ( 1729 points) Valuables value: (no points given unless you survive) Artifact value: 0 ( 0 points) Variety of kills: 21 monsters ( 5.48%) ( 7024 points) Turncount: 2096 turns ( -70 points) Survival: died (score multiplied by 80%) Total score: 28236 Latest messages: The red naga hatchling bites! The gnome lord just misses! The dwarf zaps an iridium wand! The bolt of lightning hits the gnome lord! The gnome lord is blinded by the flash! The bolt of lightning hits you! You are blinded by the flash! You hear a nearby zap. The bolt of lightning hits you! It hits! You hit it. It hits! You kill it! It bites! You hit it. It bites! You kill it! You hear a nearby zap. The bolt of lightning hits you! You die... The sack is empty. The sack is empty. Final status: Goodbye Amaryllis the Rogue, killed by a bolt of lightning... You died in The Gnomish Mines on dungeon level 5 with 28236 points, and 46 pieces of gold, after 2096 moves. You were level 5 with a maximum of 41 hit points when you died.